[Event "*** Titled Tuesday Blitz"]
[Site "Chess.com"]
[Date "2019.10.01"]
[Round "10"]
[White "Bucefal_M"]
[Black "chessS1r"]
[Result "0-1"]
[WhiteElo "2296"]
[BlackElo "2477"]
[TimeControl "180+2"]
[EndTime "15:26:21 PDT"]
[Termination "chessS1r won on time"]

1. d4 d5 2. c4 e6 3. Nf3 Nf6 4. g3 dxc4 5. Bg2 a6 6. O-O b5 7. a4 Bb7 8. b3 cxb3 9. Qxb3 c6 10. Ba3 Bxa3 11. Qxa3 Qe7 12. Ne5 Qxa3 13. Rxa3 Nfd7 14. Nd3 Ke7 15. Nd2 Rc8 16. Rfa1 Rc7 17. Nb3 Ra7 18.
Nb4 a5 19. axb5 cxb5 20. Rxa5 Rxa5 21. Rxa5 Bxg2 22. Kxg2 Rc3 23. Nd2 Nc6 24. Nxc6+ Rxc6 25. Rxb5 Rc2 26. Nf3 Rxe2 27. Rb7 f6 28. Kf1 Ra2 29. h4 Kd6 30. h5 Ra5 31. g4 f5 32. g5 h6 33. g6 f4 34. Ne5 Nxe5 35. dxe5+ Rxe5 36. Rxg7 Rxh5 37. Rf7 e5 38. g7 Rg5 39. Rf6+ Kd5 40. Rxh6 Rxg7 41. f3 Kd4 42. Ra6 Rc7 0-1

[Event "*** Titled Tuesday Blitz"]
[Site "Chess.com"]
[Date "2019.10.01"]
[Round "10"]
[White "M1711"]
[Black "ShahMatKanal"]
[Result "0-1"]
[WhiteElo "2533"]
[BlackElo "2478"]
[TimeControl "180+2"]
[EndTime "15:26:28 PDT"]
[Termination "ShahMatKanal won by checkmate"]

1. d4 d5 2. c4 c6 3. cxd5 cxd5 4. Nc3 Nf6 5. f3 e6 6. e4 Be7 7. e5 Nfd7 8. f4 b6 9. Nf3 O-O 10. Be3 Ba6 11. Bxa6 Nxa6 12. O-O Qb8 13. f5 b5 14.
fxe6 fxe6 15. Bg5 Qd8 16. Bxe7 Qxe7 17. Nxb5 Rab8 18. a4 Nb6 19. Qe2 Nb4 20. Rac1 a6 21.
Nd6 Nxa4 22. Ra1 Nb6 23. Qd2 Nc4 24. Nxc4 dxc4 25. Rfc1 Nd3 26. Rxc4 Rxf3 27. gxf3 Rxb2 28. Rc8+ Kf7 29. Qe3 Qh4 30. Rc7+ Kf8 31. Rc8+ Kf7 32. Rc7+ Ke8 33. Rxg7 Qxh2+ 34. Kf1 Rf2+ 35. Qxf2 Qxf2# 0-1

[Event "*** Titled Tuesday Blitz"]
[Site "Chess.com"]
[Date "2019.10.01"]
[Round "10"]
[White "Karacsonyi_Gellert"]
[Black "djano"]
[Result "1-0"]
[WhiteElo "2531"]
[BlackElo "2406"]
[TimeControl "180+2"]
[EndTime "15:26:28 PDT"]
[Termination "Karacsonyi_Gellert won by resignation"]

1. e4 c5 2. Nf3 Nc6 3. d4 cxd4 4. Nxd4 Nf6 5. Nc3 e5 6. Nf5 d5 7.
exd5 Bxf5 8. dxc6 bxc6 9. Qf3 Qd7 10. Bg5 e4 11. Qf4 Bd6 12. Qd2 Be5 13. Qxd7+ Nxd7 14. Bc4 O-O 15. O-O Rab8 16. Bb3 Rfe8 17. Rad1 Nc5 18.
Be3 Nxb3 19. axb3 Rb7 20. Bd4 Bf4 21. Ra1 Rd8 22. Rxa7 Rxa7 23. Bxa7 Rd2 24. Rd1 e3 25. Bxe3 Bxe3 26. fxe3 Rxd1+ 27. Nxd1 Bxc2 28. Nc3 Bxb3 29. Kf2 f5 30. Ne2 c5 31. Kg3 Kf7 32. Kf4 Kf6 33.
h4 h6 34. h5 Bd1 35. Ng3 Bc2 36. e4 fxe4 37. Nxe4+ Bxe4 38. Kxe4 Kg5 39. Kd5 Kxh5 40.
Kxc5 Kg4 41. b4 Kg3 42. b5 Kxg2 43. b6 h5 44. b7 h4 45. b8=Q h3 46. Qb2+ Kg3 47. Qxg7+ Kf2 48. Qf6+ Kg1 49. Qg5+ Kf2 50. Qf4+ Kg2 51. Qg4+ Kh2 52. Kd4 1-0

[Event "*** Titled Tuesday Blitz"]
[Site "Chess.com"]
[Date "2019.10.01"]
[Round "10"]
[White "politeplayer"]
[Black "DonBroca"]
[Result "1-0"]
[WhiteElo "2172"]
[BlackElo "2073"]
[TimeControl "180+2"]
[EndTime "15:26:40 PDT"]
[Termination "politeplayer won on time"]

1. d4 Nf6 2. Nf3 g6 3. c4 Bg7 4. Nc3 d6 5. e4 O-O 6. Be2 e5 7. O-O Nc6 8. d5 Ne7 9. Nd2 Ne8 10. b4 f5 11. f3 c6 12. dxc6 bxc6 13. b5 cxb5 14. cxb5 Be6 15. Bc4 Bxc4 16. Nxc4 Rc8 17.
Qb3 Kh8 18. Bg5 h6 19. Bxe7 Qxe7 20. Nd5 Qb7 21. a4 Qd7 22. b6 axb6 23. Ncxb6 Qa7 24.
Kh1 Rb8 25. a5 Nc7 26. Rfc1 Nxd5 27. Qxd5 fxe4 28. Qxe4 Rf4 29. Qxg6 e4 30. Qxd6 Rff8 31. Ra3 exf3 32. Rxf3 Qxa5 33. Nd7 Qg5 34. Rg1 Rbd8 35. Rxf8+ Bxf8 36. Qe6 Bg7 37. Rf1 Ra8 38. h3 1-0

[Event "*** Titled Tuesday Blitz"]
[Site "Chess.com"]
[Date "2019.10.01"]
[Round "10"]
[White "ThePunisherxx"]
[Black "kacprekt"]
[Result "1/2-1/2"]
[WhiteElo "2632"]
[BlackElo "2443"]
[TimeControl "180+2"]
[EndTime "15:26:51 PDT"]
[Termination "Game drawn by stalemate"]

1. c4 f5 2. g3 Nf6 3. Bg2 d6 4. Nc3 g6 5. d3 Bg7 6. e4 O-O 7. Nge2 Nc6 8. O-O e5 9. Nd5 h6 10. Be3 g5 11. exf5 Bxf5 12. Nxf6+ Qxf6 13. Nc3 Qf7 14. Bd5 Be6 15. Be4 Rab8 16. Rb1 Nd4 17. Bxd4 exd4 18. Ne2 c6 19. f4 Bh3 20. Bg2 Bxg2 21. Kxg2 Qh5 22. Ng1 Qxd1 23. Rbxd1 b5 24. b3 a5 25. fxg5 hxg5 26. Rxf8+ Bxf8 27. Nf3 Bg7 28. Nxg5 a4 29. Rf1 axb3 30. axb3 bxc4 31.
bxc4 Rb3 32. Rf3 Bh6 33. Ne4 Be3 34. Nxd6 Rxd3 35. Nf5 Rd2+ 36. Kh3 Bg1 37. Rf1 Rxh2+ 38. Kg4 Be3 39. Nxe3 dxe3 40. Re1 Rc2 41. Rxe3 Rxc4+ 42. Kf5 Kf7 43. g4 Rc5+ 44. Kf4 Rd5 45. Ra3 Rd6 46.
Ra5 c5 47. Rxc5 Ra6 48. Kf5 Kg7 49. Rc7+ Kg8 50. Kg5 Rb6 51. Kh5 Ra6 52. Rd7 Rb6 53. Re7 Ra6 54. Re5 Rb6 55. Kg5 Kg7 56. Kf5 Ra6 57.
Re7+ Kg8 58. Re6 Rxe6 59. Kxe6 Kg7 60. Kf5 Kf7 61. Kg5 Kg7 62. Kh5 Kh7 63. Kg5 Kg7 64. Kf5 Kf7 65. g5 Kg7 66. g6 Kg8 67. Kg5 Kg7 68. Kf5 Kg8 69. Kf6 Kf8 70. g7+ Kg8 71. Kg6 1/2-1/2

[Event "*** Titled Tuesday Blitz"]
[Site "Chess.com"]
[Date "2019.10.01"]
[Round "10"]
[White "moro182"]
[Black "GHANDEEVAM2003"]
[Result "0-1"]
[WhiteElo "2734"]
[BlackElo "2970"]
[TimeControl "180+2"]
[EndTime "15:26:52 PDT"]
[Termination "GHANDEEVAM2003 won by resignation"]

1. d4 d5 2. Bf4 Nf6 3. e3 e6 4. Nf3 c5 5. Nbd2 Nc6 6. c3 cxd4 7. exd4 Nh5 8. Be3 Bd6 9. Bd3 Nf4 10. Bxf4 Bxf4 11.
O-O O-O 12. Qe2 Bd7 13. Rae1 Qc7 14. g3 Bd6 15. Bxh7+ Kxh7 16. Ng5+ Kg6 17. f4 Kf6 18. Qh5 g6 19. Qh6 Ke7 20. Nh7 Ke8 21. Nf3 Be7 22.
Qg7 Qd6 23. Nfg5 Nd8 24. f5 gxf5 25. Rxf5 Ba4 26. Nxf8 Bxf8 27. Qh7 Bc2 28. Nxf7 Qe7 29. Nd6+ Qxd6 30. Qh5+ Kd7 31. Rf2 Be4 32. c4 Be7 33. c5 Qa6 34. Qh8 Rc8 35. Rxe4 dxe4 36. d5 Bxc5 37. dxe6+ Qxe6 0-1

[Event "*** Titled Tuesday Blitz"]
[Site "Chess.com"]
[Date "2019.10.01"]
[Round "10"]
[White "Godzillator"]
[Black "JussupowFan"]
[Result "0-1"]
[WhiteElo "2361"]
[BlackElo "2222"]
[TimeControl "180+2"]
[EndTime "15:26:52 PDT"]
[Termination "JussupowFan won by resignation"]

1. d4 Nf6 2. c4 g6 3. Nc3 Bg7 4. e4 d6 5. Be2 O-O 6. Bg5 c5 7.
d5 e6 8. Qd2 exd5 9. exd5 Re8 10. Nf3 a6 11. a4 Qa5 12. O-O Qb4 13. Rae1 Bf5 14. Bd3 Rxe1 15. Rxe1 Bxd3 16. Qxd3 Nbd7 17. Re2 h6 18. Bf4 Bf8 19. h3 Re8 20. Rxe8 Nxe8 21. Qe3 Ndf6 22. Bxh6 Bxh6 23. Qxh6 Qxb2 24. Qe3 Qb4 25. Nd2 Ng7 26. Nce4 Nxe4 27. Nxe4 Nf5 28. Nf6+ Kg7 29. Qg5 Qe1+ 30. Kh2 Qe5+ 31. f4 Qxf6 32. Qg4 Nd4 33. g3 b5 34. cxb5 axb5 35. a5 c4 36. a6 Nf5 37. Qd1 Qb2+ 38. Kg1 c3 39. a7 c2 40. Qxc2 Qxc2 41. a8=Q Qc1+ 42. Kf2 Qd2+ 43. Kf3 Qe3+ 44. Kg2 Qxg3+ 45. Kf1 Qxf4+ 46. Ke2 Qe3+ 47.
Kd1 Qd4+ 48. Kc2 Qxd5 49. Qa7 Qc5+ 50. Qxc5 dxc5 0-1

[Event "*** Titled Tuesday Blitz"]
[Site "Chess.com"]
[Date "2019.10.01"]
[Round "10"]
[White "FMJoseHerrera"]
[Black "boasovietica"]
[Result "0-1"]
[WhiteElo "2525"]
[BlackElo "2439"]
[TimeControl "180+2"]
[EndTime "15:26:53 PDT"]
[Termination "boasovietica won by resignation"]

1. Nf3 c5 2. g3 Nc6 3. Bg2 e5 4. O-O g6 5. c3 Bg7 6. e3 d5 7. d4 e4 8. Nfd2 cxd4 9. exd4 Nf6 10. f3 exf3 11. Nxf3 O-O 12. Bg5 Qb6 13. Qc1 Ne4 14. Bf4 Bg4 15. Nbd2 Rfe8 16. Nb3 Rac8 17. Bh6 a5 18.
Bxg7 Kxg7 19. Qf4 Bxf3 20. Bxf3 Rc7 21. Nc5 Rce7 22. Bxe4 dxe4 23. b3 Qd8 24. Rae1 Qd5 25. Re3 b6 26. Na4 b5 27. Nc5 b4 28. Qf6+ Kg8 29. c4 Qxd4 30. Qxc6 Qxe3+ 31. Kg2 Qd4 32. Rf4 Qd2+ 33. Rf2 Qc3 34. Nd7 e3 35. Nf6+ Qxf6 36. Qxf6 exf2 37. Kxf2 Re2+ 38. Kg1 Rxa2 39. Kf1 h5 40. c5 a4 41. Qc6 Rd8 42. Ke1 axb3 43.
Qb6 Re8+ 44. Kd1 b2 45. Kc2 Re2+ 0-1

[Event "*** Titled Tuesday Blitz"]
[Site "Chess.com"]
[Date "2019.10.01"]
[Round "10"]
[White "Darhild"]
[Black "ural58"]
[Result "0-1"]
[WhiteElo "2601"]
[BlackElo "2420"]
[TimeControl "180+2"]
[EndTime "15:27:00 PDT"]
[Termination "ural58 won on time"]

1. e4 d5 2. exd5 Qxd5 3. Nc3 Qa5 4. g3 Nf6 5. Bg2 Nc6 6. Nge2 e5 7. d3 Bf5 8. Bd2 Qa6 9. O-O h5 10. h4 O-O-O 11.
a3 Ng4 12. b4 Nd4 13. Nxd4 exd4 14. Qf3 Be6 15. b5 Qb6 16. Na4 Qxb5 17. Rab1 Qxa4 18. Qxb7+ Kd7 19. Rb5 Bd6 20. Ba5 Qxc2 21. Qxa7 Ke7 22.
Rb4 Qc5 23. Qa6 Rh6 24. Rbb1 Kf8 25. Bb4 Qf5 26. Bxd6+ cxd6 27. Qb6 Qf6 28. a4 Kg8 29. a5 d5 30. a6 Bc8 31. Qc7 Qd6 0-1

[Event "*** Titled Tuesday Blitz"]
[Site "Chess.com"]
[Date "2019.10.01"]
[Round "10"]
[White "chessdjw"]
[Black "LornerAcosta"]
[Result "0-1"]
[WhiteElo "2646"]
[BlackElo "2513"]
[TimeControl "180+2"]
[EndTime "15:27:07 PDT"]
[Termination "LornerAcosta won by checkmate"]

1. c4 Nf6 2. Nc3 e6 3. e4 d5 4.
cxd5 exd5 5. e5 Ne4 6. Nf3 Nc6 7.
Bb5 Be7 8. Qa4 Bd7 9. Nxd5 Nc5 10. Qc2 Nxe5 11. Bxd7+ Qxd7 12. Nxe5 Qxd5 13. d4 Qxg2 14. Rf1 Ne6 15. Be3 Bb4+ 16. Ke2 O-O 17. Rg1 Qh3 18. Qe4 f5 19. Qxb7 f4 20. Qxb4 fxe3 21. fxe3 c5 22. Qb3 cxd4 23. Rg3 Qxh2+ 24. Kd3 Qxg3 25. Qxe6+ Kh8 26. Ng6+ Qxg6+ 27. Qxg6 hxg6 28. Rh1+ Kg8 29. exd4 g5 30. b4 Rf4 31. Rg1 Rd8 32. Rxg5 Rdxd4+ 33. Ke3 Rxb4 34. a3 Ra4 35. Rc5 Rh4 36. Rc8+ Kh7 37. Kf3 Rxa3+ 38. Kg2 Rb4 39. Rc2 Rab3 40. Kh1 a5 41.
Rh2+ Kg6 42. Ra2 a4 43. Rg2+ Kf6 44. Rf2+ Ke5 45. Re2+ Re4 46. Rd2 a3 47. Ra2 Rb2 48. Rxa3 Re1# 0-1

[Event "*** Titled Tuesday Blitz"]
[Site "Chess.com"]
[Date "2019.10.01"]
[Round "10"]
[White "Abdodi"]
[Black "PotapovaM"]
[Result "1-0"]
[WhiteElo "2231"]
[BlackElo "2404"]
[TimeControl "180+2"]
[EndTime "15:27:07 PDT"]
[Termination "Abdodi won by checkmate"]

1. d4 Nf6 2. Nf3 e6 3. g3 b6 4. Bg2 Bb7 5. c4 Be7 6. O-O O-O 7. Re1 c5 8. e3 cxd4 9. exd4 d5 10. b3 Nc6 11.
Ba3 dxc4 12. bxc4 Na5 13. Qd3 Rc8 14. Bxe7 Qxe7 15. Nbd2 Rfd8 16. Rac1 Rc7 17. Ne5 Bxg2 18. Kxg2 Qf8 19. Ne4 Nxe4 20. Qxe4 Rdc8 21. d5 exd5 22. Qxd5 Rd8 23. Qe4 g6 24. Ng4 f5 25. Qe6+ Kh8 26.
Ne5 Qg7 27. Rcd1 Rf8 28. Rd7 Rxd7 29. Nxd7 Rg8 30. Rd1 h6 31. Ne5 Qb7+ 32. f3 Qc8 33. Nf7+ Kg7 34. Rd7 Qxc4 35. Ng5+ Kf8 36. Qe7# 1-0

[Event "*** Titled Tuesday Blitz"]
[Site "Chess.com"]
[Date "2019.10.01"]
[Round "10"]
[White "Kostya_Nikologorskiy"]
[Black "Korchmar_Vasiliy"]
[Result "1-0"]
[WhiteElo "2555"]
[BlackElo "2675"]
[TimeControl "180+2"]
[EndTime "15:27:08 PDT"]
[Termination "Kostya_Nikologorskiy won on time"]

1. d4 Nf6 2. c4 g6 3. Nc3 d5 4. Nf3 Bg7 5. e3 O-O 6. cxd5 Nxd5 7. Bc4 Nxc3 8. bxc3 c5 9. O-O b6 10. Qe2 Bb7 11. Rd1 Qc7 12. e4 Nc6 13. Be3 e6 14. Rac1 Rfd8 15. h4 Rac8 16. h5 Na5 17. Bd3 cxd4 18. cxd4 Qd7 19. h6 Bf6 20. Bb5 Qe7 21.
e5 Bh8 22. a4 Nb3 23. Rxc8 Rxc8 24. Qd3 Bxf3 25. gxf3 Na5 26. f4 Qh4 27. Qe2 Nb3 28. d5 exd5 29. Rxd5 Qxh6 30. Qg4 Qf8 31. f5 Nc5 32.
Bc4 Re8 33. fxg6 hxg6 34. Rd6 1-0

[Event "*** Titled Tuesday Blitz"]
[Site "Chess.com"]
[Date "2019.10.01"]
[Round "10"]
[White "beccrajoy"]
[Black "2165149677570"]
[Result "0-1"]
[WhiteElo "1805"]
[BlackElo "2293"]
[TimeControl "180+2"]
[EndTime "15:27:19 PDT"]
[Termination "2165149677570 won by resignation"]

1. e4 c5 2. Nf3 Nc6 3. d4 cxd4 4. Nxd4 Nf6 5. Nc3 e6 6. Bg5 Bb4 7. Qd2 Qa5 8. Nxc6 bxc6 9. Bxf6 gxf6 10. Qd4 Ke7 11. Be2 Rb8 12. O-O-O Bc5 13. Qd3 Rb4 14. f4 Qb6 15. b3 a5 16. Na4 Rxa4 17.
bxa4 Be3+ 18. Rd2 Bxf4 19. e5 fxe5 20. Qd6+ Ke8 21. Qd3 Qb4 22. Rd1 d5 23. Qb3 Qd4 24. Qb2 Qxa4 25. Kb1 Bxd2 26. Rxd2 Qb4 27. Qxb4 axb4 28. Rd3 Ba6 29. Re3 Bxe2 30. Rxe2 e4 31. Kb2 Ke7 32. Kb3 c5 33. Ka4 Ra8+ 34. Kb5 Kd6 35. c3 bxc3 36. Rc2 d4 37. Kc4 Ra4+ 38.
Kb5 Rb4+ 39. Ka5 Rb2 40. Rc1 Rxa2+ 0-1

[Event "*** Titled Tuesday Blitz"]
[Site "Chess.com"]
[Date "2019.10.01"]
[Round "10"]
[White "riconaipe"]
[Black "SCIM"]
[Result "0-1"]
[WhiteElo "2603"]
[BlackElo "2513"]
[TimeControl "180+2"]
[EndTime "15:27:21 PDT"]
[Termination "SCIM won by checkmate"]

1. d4 Nf6 2. c4 g6 3. Nc3 d5 4. Nf3 Bg7 5. e3 O-O 6. cxd5 Nxd5 7. Bc4 Nxc3 8. bxc3 a6 9. O-O b5 10. Bb3 Bb7 11. a4 c5 12. axb5 axb5 13. Rxa8 Bxa8 14. Ba3 c4 15. Bc2 Nc6 16. e4 Qa5 17. Qa1 Rd8 18.
Bc5 Qc7 19. Qb2 Rb8 20. Ra1 Qf4 21. h3 h6 22. Re1 Qc7 23. e5 Nd8 24. Ra1 Bxf3 25. gxf3 Ne6 26. Ra7 Rb7 27. Rxb7 Qxb7 28. Be4 Qd7 29. Qb4 Nf4 30. Kf1 Qxh3+ 31. Ke1 Qh1+ 32.
Kd2 Qf1 33. Qxb5 Qxf2+ 34. Kd1 Qe2+ 35. Kc1 Nd3+ 36. Kb1 Qd1+ 37. Ka2 Qc2+ 38. Ka1 Qxc3+ 39. Kb1 Qe1+ 40. Ka2 Qd2+ 41. Kb1 Qc1+ 42. Ka2 Qc2+ 43. Ka1 Qc3+ 44. Ka2 Nxc5 45. Qxc5 Qb3+ 46. Ka1 c3 47. Qc8+ Bf8 48. e6 Qa3+ 49. Kb1 Qb2# 0-1

[Event "*** Titled Tuesday Blitz"]
[Site "Chess.com"]
[Date "2019.10.01"]
[Round "10"]
[White "abubakrtagelsir"]
[Black "nitpicker"]
[Result "1-0"]
[WhiteElo "2382"]
[BlackElo "2255"]
[TimeControl "180+2"]
[EndTime "15:27:24 PDT"]
[Termination "abubakrtagelsir won on time"]

1. e4 e5 2. Nf3 Nc6 3. d4 exd4 4. Bc4 d6 5. Nxd4 Bd7 6. O-O Nf6 7. Re1 Be7 8. h3 O-O 9. Bf4 Re8 10. Nc3 Bf8 11.
Nf3 Na5 12. Bf1 Be6 13. Bh2 Bc4 14. Bxc4 Nxc4 15. Qd4 Nb6 16. a4 a5 17. Rad1 Qd7 18. b3 Qc6 19. e5 dxe5 20. Nxe5 Qc5 21. Qxc5 Bxc5 22. Nd3 Bb4 23. Nxb4 axb4 24. Nb5 c6 25.
Nd6 Rxe1+ 26. Rxe1 Rd8 27. Nxb7 Rd2 28. a5 Na8 29.
Rc1 Nd5 30. Nc5 Nc3 31. Kf1 Na2 32. Bf4 Rd5 33. Re1 Kf8 34. a6 g5 35. Be3 1-0

[Event "*** Titled Tuesday Blitz"]
[Site "Chess.com"]
[Date "2019.10.01"]
[Round "10"]
[White "Ginzburg_Yakov"]
[Black "Dhaydon19"]
[Result "0-1"]
[WhiteElo "2586"]
[BlackElo "2699"]
[TimeControl "180+2"]
[EndTime "15:27:27 PDT"]
[Termination "Dhaydon19 won by resignation"]

1. e4 e6 2. d4 d5 3. Nc3 dxe4 4. Nxe4 Be7 5. Nf3 Nf6 6. Bd3 Nbd7 7. Qe2 c5 8. O-O O-O 9. Rd1 cxd4 10. Nxd4 Ne5 11.
Nxf6+ Bxf6 12. Be4 Qb6 13. c3 a6 14. Be3 Qa5 15.
Nb3 Qc7 16. Nc5 Be7 17. Nd3 Nxd3 18. Qxd3 g6 19. Qd4 a5 20. Bh6 e5 21. Qe3 Rd8 22. Bd5 Bf5 23. Qf3 Ra6 24. Bxb7 Rxd1+ 25. Rxd1 Rb6 26.
Bd5 Rxb2 27. Bb3 e4 28. Qe3 a4 29. Qd4 Bf8 30. Bxf8 Kxf8 31. Qxa4 Qxc3 32. g3 e3 33. Rf1 e2 34. Qa3+ Kg7 35. Qe7 exf1=Q+ 36. Kxf1 Qd3+ 37.
Kg2 Qe4+ 0-1

[Event "*** Titled Tuesday Blitz"]
[Site "Chess.com"]
[Date "2019.10.01"]
[Round "10"]
[White "GadimbayliA"]
[Black "Vuk2000"]
[Result "1/2-1/2"]
[WhiteElo "2871"]
[BlackElo "2809"]
[TimeControl "180+2"]
[EndTime "15:27:28 PDT"]
[Termination "Game drawn by repetition"]

1. Nf3 Nf6 2. b3 e6 3. Bb2 d5 4. e3 Bd6 5. d4 O-O 6. Nbd2 b6 7. Ne5 c5 8. f4 a5 9. a4 Qc7 10. Rc1 Ba6 11. Bxa6 Nxa6 12. O-O Rac8 13. Qf3 cxd4 14. exd4 Nb4 15. c4 Qe7 16. g4 Bxe5 17. dxe5 Nd7 18. cxd5 Nxd5 19. Nc4 Nc5 20. f5 Qg5 21. Rce1 Nxb3 22. Bc1 Nxc1 23. Rxc1 h5 24. h3 hxg4 25. hxg4 Rxc4 26. Rxc4 Ne3 27. Rf4 Nxf1 28. fxe6 Nd2 29. exf7+ Rxf7 30. Qa8+ Kh7 31. Qh1+ Kg8 32. Qa8+ Kh7 33.
Rxf7 Qe3+ 34. Kg2 Ne4 35. Rf8 Qg3+ 36. Kf1 Qd3+ 37. Ke1 Qd2+ 38. Kf1 Qd1+ 39. Kg2 Qxg4+ 40. Kf1 Qd1+ 41. Kg2 Qe2+ 42. Kg1 Qe3+ 43. Kf1 Qd3+ 44. Kg1 Qg3+ 45. Kf1 Qd3+ 46. Kg1 Qg3+ 47. Kh1 Qh3+ 48. Kg1 Qg4+ 49. Kh2 Qg3+ 50. Kh1 Qh3+ 51. Kg1 Qg4+ 52.
Kh2 Qh4+ 53. Kg1 Qe1+ 54. Kg2 Qg3+ 55. Kh1 1/2-1/2

[Event "*** Titled Tuesday Blitz"]
[Site "Chess.com"]
[Date "2019.10.01"]
[Round "10"]
[White "francyIM"]
[Black "Alexander_Moskalenko"]
[Result "1-0"]
[WhiteElo "2679"]
[BlackElo "2863"]
[TimeControl "180+2"]
[EndTime "15:27:28 PDT"]
[Termination "francyIM won by resignation"]

1. d4 d6 2. Nf3 g6 3. c4 Bg7 4. Nc3 Nf6 5. g3 O-O 6. Bg2 Bf5 7. O-O c6 8. Ng5 h6 9. e4 Bg4 10. Nf3 Qc8 11. Be3 Bh3 12. Qd2 Bxg2 13. Kxg2 Kh7 14.
h3 Rd8 15. Rfe1 Nbd7 16. Rad1 Qc7 17. Qc2 e5 18. b3 a6 19. Rd2 Re8 20. dxe5 Nxe5 21.
Nxe5 dxe5 22. Na4 Rad8 23. Rxd8 Qxd8 24. Rd1 Qc7 25. Bb6 Qe7 26. Bc5 Qc7 27. Qd3 Bf8 28. Bxf8 Rxf8 29. Qd6 Qxd6 30. Rxd6 Nxe4 31. Rd7 b5 32.
Nb6 Kg7 33. Rc7 Rd8 34. Nd7 bxc4 35. Nxe5 c3 36. Rxc6 Rd2 37. Kf3 Nxf2 38. Rxc3 Nxh3 39. a4 Ng5+ 40. Ke3 Rg2 41. Kd4 h5 42. Re3 Ne6+ 43.
Kc4 Rc2+ 44. Kb4 Rc5 45. Nd3 a5+ 46. Ka3 Rg5 47. Kb2 Kf6 48. Kc3 Rg4 49. Rf3+ Kg7 50. Ne5 Ng5 51. Nxg4 Nxf3 52. Ne3 Ne5 53. b4 axb4+ 54.
Kxb4 f5 55. Kb5 h4 56. a5 h3 57. Nf1 Nf7 58. Kc5 f4 59. gxf4 Nd8 60. a6 Ne6+ 61. Kb6 Nxf4 62. a7 h2 63. Nxh2 1-0

[Event "*** Titled Tuesday Blitz"]
[Site "Chess.com"]
[Date "2019.10.01"]
[Round "10"]
[White "FearNoEvil12"]
[Black "akretchetov"]
[Result "0-1"]
[WhiteElo "2056"]
[BlackElo "2363"]
[TimeControl "180+2"]
[EndTime "15:27:31 PDT"]
[Termination "akretchetov won by checkmate"]

1. e4 e5 2. d4 exd4 3. Bc4 Nc6 4. Nf3 Bc5 5. O-O d6 6. h3 Nf6 7. c3 d3 8. Bxd3 h6 9. b4 Bb6 10. a4 a5 11. b5 Ne5 12. Bc2 O-O 13. Nbd2 Be6 14.
Nd4 Bd7 15. f4 Ng6 16. Kh2 Re8 17. Qf3 c5 18. bxc6 bxc6 19. Nf5 Bxf5 20. exf5 Nh4 21. Qg3 Nh5 22. Qg4 g6 23. fxg6 fxg6 24. Ne4 d5 25.
Nf2 Qf6 26. g3 Nf5 27. Bxf5 Qxf5 28. Qxf5 gxf5 29. g4 Nf6 30. g5 Ne4 31. Nd3 Bc7 32. gxh6 Kh7 33. Rg1 Re7 34. Ne5 Rxe5 35. fxe5 Bxe5+ 36. Kh1 Ng3+ 37. Kg2 Rg8 38. Kf3 f4 39. Bd2 Rf8 40.
Rae1 Bd6 41. Re6 Bc5 42. Rxc6 Bxg1 43. Bxf4 Nh5 44. Rc7+ Kh8 45. Kg4 Nxf4 46. h4 Ne6 47. Re7 Nd8 48. Kg5 Bc5 49. Rd7 Ne6+ 50. Kg6 Nf4+ 51.
Kg5 d4 52. cxd4 Bxd4 53. h7 Bc3 54. h5 Ne6+ 55. Kg6 Rf6# 0-1

[Event "*** Titled Tuesday Blitz"]
[Site "Chess.com"]
[Date "2019.10.01"]
[Round "10"]
[White "joppie2"]
[Black "Zubrrr"]
[Result "1-0"]
[WhiteElo "2874"]
[BlackElo "2735"]
[TimeControl "180+2"]
[EndTime "15:27:34 PDT"]
[Termination "joppie2 won by checkmate"]

1. e4 c5 2. Nf3 Nf6 3. e5 Nd5 4. Nc3 Nxc3 5. dxc3 d5 6. exd6 exd6 7. Bc4 Be7 8. O-O O-O 9. Re1 Nc6 10. Bf4 Bg4 11. h3 Bh5 12. Bd5 Re8 13. Qd2 Qb6 14. Re3 Bf8 15. b3 Rxe3 16. Qxe3 Ne7 17. Rd1 Nxd5 18. Rxd5 Bg6 19. Qd2 Be4 20. Rg5 Bxf3 21. gxf3 Re8 22. Kg2 Re6 23. a4 Qc6 24. Rd5 Be7 25. Qd3 h6 26. Bg3 a6 27. c4 g6 28. f4 f5 29.
Qf3 Kf7 30. Qd1 Bf6 31. Qd3 Ke7 32. f3 Kd7 33. Bf2 Ke7 34. c3 Kf7 35. b4 Qxa4 36. bxc5 dxc5 37. Rd7+ Re7 38. Qd5+ Kg7 39. Rd8 Rf7 40.
Rc8 Bxc3 41. Qd8 g5 42. fxg5 Kg6 43. h4 Kh5 44. gxh6 Qxc4 45. Qg5# 1-0

[Event "*** Titled Tuesday Blitz"]
[Site "Chess.com"]
[Date "2019.10.01"]
[Round "10"]
[White "Playgood28"]
[Black "ecwinslow"]
[Result "0-1"]
[WhiteElo "2255"]
[BlackElo "2119"]
[TimeControl "180+2"]
[EndTime "15:27:34 PDT"]
[Termination "ecwinslow won by resignation"]

1. d4 Nf6 2. c4 g6 3. Nc3 Bg7 4. Nf3 O-O 5. Bf4 d5 6. e3 c5 7. dxc5 Qa5 8. cxd5 Nxd5 9. Be5 Bxe5 10. Nxe5 Nxc3 11. Qd2 Qxc5 12. Qxc3 Qxc3+ 13. bxc3 Be6 14. Be2 f6 15. Nd3 Nd7 16. Nf4 Bf7 17. h4 Rac8 18.
Bg4 f5 19. Bf3 Nc5 20. Bd5 e5 21. Bxf7+ Kxf7 22. Nd5 Ke6 23. c4 Nd3+ 24. Ke2 e4 25.
Nf4+ Nxf4+ 26. exf4 Rxc4 27. Rac1 Rfc8 28. Rxc4 Rxc4 29.
h5 Rc2+ 30. Ke3 Rxa2 31. hxg6 hxg6 32. Rh7 b5 33. Rg7 Kf6 34. Rb7 a6 35. g3 Ra3+ 36. Kd4 Rd3+ 37. Kc5 Rd2 38. Rb6+ Kg7 39. Rxa6 Rxf2 40.
Kxb5 Rf3 41. Kc4 Rxg3 42. Kd4 Rd3+ 43. Ke5 e3 44. Ra7+ Kh6 45. Ra2 Rd2 46. Ra1 e2 47. Rh1+ Kg7 48. Ra1 Rd1 49. Ra7+ Kh6 50. Kf6 e1=Q 51.
Ra3 Rd6+ 52. Kf7 Qe6+ 0-1

[Event "*** Titled Tuesday Blitz"]
[Site "Chess.com"]
[Date "2019.10.01"]
[Round "10"]
[White "Rsnr"]
[Black "Witik"]
[Result "1-0"]
[WhiteElo "2777"]
[BlackElo "2649"]
[TimeControl "180+2"]
[EndTime "15:27:43 PDT"]
[Termination "Rsnr won by checkmate"]

1. d4 Nf6 2. c4 g6 3. g3 Bg7 4. Bg2 d5 5. cxd5 Nxd5 6. Nf3 Nb6 7. Nc3 O-O 8. O-O Nc6 9. e3 Re8 10. d5 Nb4 11. e4 e6 12. a3 Na6 13. Bg5 Bf6 14. Bxf6 Qxf6 15. e5 Qg7 16. Re1 exd5 17. Nxd5 Nxd5 18. Qxd5 c6 19. Qb3 Rb8 20. Rad1 Be6 21.
Qc3 Bd5 22. Ng5 Nc7 23. f4 Bxg2 24. Kxg2 Nd5 25. Qd4 f6 26. Ne4 fxe5 27. fxe5 Rbd8 28.
Nd6 Re6 29. Re4 Rf8 30. Rde1 a6 31. Qd2 g5 32. Qe2 Qg6 33. Nxb7 h5 34. Nc5 Re7 35. e6 g4 36. Re5 Rf3 37. Qe4 Qf6 38. Re2 Kg7 39.
Rxh5 Rf1 40. Qh7+ Kf8 41. Qh8+ Qxh8 42. Rxh8+ Kg7 43. Rh4 Rb1 44. Rxg4+ Kf6 45. Nd7+ Kf5 46. Re5+ Kxg4 47. h3# 1-0

[Event "*** Titled Tuesday Blitz"]
[Site "Chess.com"]
[Date "2019.10.01"]
[Round "10"]
[White "WorldChampionBulletChess"]
[Black "aranibos"]
[Result "1-0"]
[WhiteElo "2067"]
[BlackElo "2143"]
[TimeControl "180+2"]
[EndTime "15:27:49 PDT"]
[Termination "WorldChampionBulletChess won by resignation"]

1. d4 Nf6 2. c4 c5 3. d5 b5 4. cxb5 a6 5. bxa6 Bxa6 6. Nc3 g6 7. g3 Bg7 8. Bg2 d6 9. Nf3 O-O 10. O-O Nbd7 11. Nd2 Nb6 12. f4 Ra7 13. f5 Ng4 14. Nde4 Bd4+ 15. Kh1 Ne3 16. Bxe3 Bxe3 17. Qc2 Bd4 18.
fxg6 hxg6 19. Ng5 Nc4 20. Qe4 Bf6 21. Ne6 Nd2 22. Nxd8 Nxe4 23. Nxe4 Rxd8 24. Nxf6+ exf6 25. Rxf6 Bxe2 26. a3 Kg7 27. Rf2 Bc4 28. Re1 Bb3 29. Re3 c4 30. Ref3 Re8 31. h4 Bd1 32. Rf4 Be2 33.
Kh2 Bd3 34. Bf1 Re5 35. Bxd3 cxd3 36. Rd4 Ra5 37. Rxd3 Rexd5 38. Rxd5 Rxd5 39. b4 Rb5 40. Rb2 d5 41. a4 Rb7 42. a5 d4 43. a6 Ra7 44. b5 d3 45. Ra2 Kf6 46. b6 d2 47.
bxa7 d1=Q 48. a8=Q Qb3 49. Qg2 1-0

[Event "*** Titled Tuesday Blitz"]
[Site "Chess.com"]
[Date "2019.10.01"]
[Round "10"]
[White "eljanov"]
[Black "Rodalquilar"]
[Result "0-1"]
[WhiteElo "2792"]
[BlackElo "2688"]
[TimeControl "180+2"]
[EndTime "15:27:56 PDT"]
[Termination "Rodalquilar won by resignation"]

1. Nf3 d5 2. g3 Nf6 3. Bg2 Bf5 4.
O-O e6 5. c4 c6 6. Qb3 Qb6 7.
d3 dxc4 8. Qxc4 Nbd7 9. Nbd2 Be7 10.
Qc2 O-O 11. Nc4 Qd8 12. Bd2 h6 13. b4 Nb6 14. Na5 Qc8 15. e4 Bh7 16. Rfc1 Rd8 17.
Rab1 Qd7 18. Ne5 Qc7 19. Bc3 Bd6 20. f4 Nbd7 21. Nac4 Bf8 22. Nf3 c5 23. b5 Nb6 24.
Bxf6 gxf6 25. a4 Nxc4 26. Qxc4 Rd7 27. Bf1 Rad8 28. Qc3 Bg7 29. a5 b6 30. Ra1 Bg6 31. h3 Bh5 32. Nh2 f5 33. e5 Rd4 34. axb6 axb6 35. Qb2 Kh8 36. Rc4 R4d5 37. Ra6 Rg8 38. Kf2 Rxe5 39. fxe5 Bxe5 40. Ra7 Qd6 41. Rd7 Qb8 42.
Qc1 Bxg3+ 43. Ke3 Bxh2 44. Qe1 Qe5+ 45. Kd2 Qb2+ 46. Rc2 Bf4+ 0-1